 Dungeon Crawl Stone Soup version 0.25.0-11-g1f837a76a1 (webtiles) character file.

Game seed: 5094733788953819295

192 Kold the Insei (level 5, -7/33 HPs)
             Began as an Octopode Transmuter on June 24, 2020.
             Mangled by Crazy Yiuf
             ... wielding a +3 quarterstaff of chaos
              (16 damage)
             ... while paralysed by Crazy Yiuf
             ... on level 3 of the Dungeon.
             The game lasted 00:04:32 (4193 turns).

Kold the Insei (Octopode Transmuter)                Turns: 4193, Time: 00:04:33

Health: -7/33      AC:  1    Str:  9    XL:     5   Next: 71%
Magic:  8/8        EV:  2    Int: 17    God:
Gold:   168        SH:  0    Dex: 12    Spells: 7/8 levels left

rFire    . . .     SeeInvis .     - Unarmed
rCold    . . .     Gourm    .   (no shield)
rNeg     . . .     Faith    .   (helmet restricted)
rPois    .         Spirit   .   (no amulet)
rElec    .         Reflect  .   (no ring)
rCorr    .         Harm     .   (no ring)
MR       .....                  (no ring)
Stlth    +++.......             (no ring)
HPRegen  0.11/turn              (no ring)
MPRegen  0.11/turn              (no ring)
                                (no ring)
                                (no ring)

@: paralysed, appendage
A: almost no armour, stealthy swim, amphibious, 8 rings, constrict 8, tentacle
spike 3, camouflage 1, gelatinous body 1
a: End Transformation


You were on level 3 of the Dungeon.
You were not hungry.
One of your tentacles had a temporary spike.
You visited 1 branch of the dungeon, and saw 3 of its levels.

You collected 168 gold pieces.

Inventory:

Missiles
 a - 22 arrows
Scrolls
 d - 2 scrolls of fog {unknown}
 h - a scroll of enchant weapon {unknown}
 i - 4 scrolls of identify {unknown}
 k - a scroll of enchant armour {unknown}
 l - a scroll of noise {unknown}
 m - a scroll of remove curse {unknown}
 n - a scroll of fear {unknown}
Potions
 b - a potion of stabbing {unknown}
 e - a potion of mutation {unknown}
 g - 3 potions of brilliance
 j - a potion of resistance {unknown}
 o - a potion of flight {unknown}
Comestibles
 c - 7 rations
 f - a chunk of flesh


   Skills:
 - Level 1.0 Fighting
 - Level 2.0 Dodging
 - Level 2.0 Stealth
 + Level 4.7 Unarmed Combat
 - Level 2.0 Spellcasting
 + Level 4.1 Transmutations


You had 7 spell levels left.
You knew the following spells:

 Your Spells              Type           Power        Failure   Level  Hunger
a - Beastly Appendage     Tmut           ###...       3%          1    #......

Your spell library contained the following spells:

 Spells                   Type           Power        Failure   Level  Hunger
 Sticks to Snakes         Tmut           ###.....     5%          2    ###....
 Spider Form              Tmut/Pois      #.........   26%         3    ###....
 Ice Form                 Ice/Tmut       #.......     63%         4    #####..
 Blade Hands              Tmut           ###.......   69%         5    ######.


Dungeon Overview and Level Annotations

Branches:
Dungeon (3/15)

Altars:

Annotations:
D:3 Crazy Yiuf


Innate Abilities, Weirdness & Mutations

You cannot wear most types of armour.
You are very stealthy in the water. (Stealth+)
You are amphibious.
You can wear up to eight rings at the same time.
You can use your tentacles to constrict eight enemies at once.
Your skin changes colour to match your surroundings (Stealth+).
Your rubbery body absorbs attacks. (AC +1, EV +1)
One of your tentacles bears a large vicious spike.


Message History

Crazy Yiuf misses you.
You completely miss Crazy Yiuf.
You squeeze Crazy Yiuf, but do no damage.
Crazy Yiuf is lightly wounded.
You constrict Crazy Yiuf, but do no damage.
You bludgeon Crazy Yiuf! You squeeze Crazy Yiuf.
Crazy Yiuf is heavily wounded.
You constrict Crazy Yiuf.
Crazy Yiuf hits you with a +3 quarterstaff of chaos.
Crazy Yiuf freezes you.
You tentacle-slap Crazy Yiuf.
Crazy Yiuf is severely wounded.
You constrict Crazy Yiuf.
Crazy Yiuf hits you with a +3 quarterstaff of chaos!
Ouch! That really hurt!
* * * LOW HITPOINT WARNING * * *
You suddenly lose the ability to move!
You lose your grip on Crazy Yiuf.
Crazy Yiuf drinks a potion.
Crazy Yiuf is healed!
Crazy Yiuf hits you with a +3 quarterstaff of chaos!
You die...

#.# #.#.#.#..#.........## #.#
#.#.#.##.######.#.### #.#
#.#.#..).......[..... ########.#
##############....### .........#
#......# .....###### #....#.#
..........# #### ####.......
.....###### #)..### #.......#.#
.....# #..g@.#####.....###.#
#.######### #...##..#.......# #.#
........#.# #### ###.#......# #.#
#.#####.#.# #######..# #.#
#.....#.#.# ##.###.#
#.........#################.#...#
#...#.#.#.#..............##.#...#
#...#.#.#................##.#...#
#...#.#.####.......#.รท...##.#...#


You could see Crazy Yiuf.

Vanquished Creatures
  Terence (D:3)
  3 gnolls (D:3)
  6 adders
  2 oozes
  3 worms
  A dart slug (D:1)
  A leopard gecko (D:1)
  6 bats
  A giant cockroach (D:3)
  7 hobgoblins
  4 jackals (D:2)
  A quokka (D:2)
  3 frilled lizards
  9 goblins
  13 kobolds
  9 rats
70 creatures vanquished.

Notes
Turn   | Place    | Note
-------+----------+-------------------------------------------
     0 | D:1      | Kold the Octopode Transmuter began the quest for the Orb.
     0 | D:1      | Reached XP level 1. HP: 13/13 MP: 3/3
   237 | D:1      | Reached skill level 1 in Stealth
   241 | D:1      | Reached XP level 2. HP: 17/18 MP: 5/5
   602 | D:1      | Reached XP level 3. HP: 23/23 MP: 6/6
  1618 | D:2      | Reached XP level 4. HP: 28/28 MP: 5/7
  2966 | D:3      | Reached XP level 5. HP: 22/33 MP: 8/8
  3333 | D:3      | Noticed Terence
  3343 | D:3      | Killed Terence
  3746 | D:3      | Found a faded altar of an unknown god.
  3862 | D:3      | Found a runed translucent door.
  3863 | D:3      | Noticed Crazy Yiuf
  4191 | D:3      | Paralysed by Crazy Yiuf for 7 turns
  4193 | D:3      | Mangled by Crazy Yiuf

Illustrated notes

Levels and vault maps discovered:
D:1:      minmay_arrival_loop, layout_basic
D:2:      layout_rooms, serial_forest, infiniplex_forest_clump_diagonal,
          infiniplex_forest_lined_2, infiniplex_forest_lined_room_2,
          infiniplex_forest_end_2, infiniplex_forest_straight_2,
          infiniplex_forest_clump_curved
D:3:      layout_basic, chequers_ecumenical_altar_simple_redux, first_ration,
          uniq_crazy_yiuf_cottage, uniq_terence

Skill      XL: |  1  2  3  4  5 |
---------------+----------------+-----
Stealth        | 1 2 |  2.0
Transmutations | 3 4 |  4.1
Unarmed Combat | 4 |  4.7
Fighting       | |  1.0
Dodging        | |  2.0
Spellcasting   | |  2.0

Action                   |  1- 3 |  4- 6 || total
-------------------------+-------+-------++-------
Melee: Unarmed           |    72 |    94 ||   166
       Constrict         |    16 |    27 ||    43
       Tentacles         |    11 |    20 ||    31
       Kick              |     2 |     8 ||    10
       Punch             |     1 |     3 ||     4
 Cast: Beastly Appendage |     4 |     9 ||    13
  Use: Potion            |       |     2 ||     2
 Stab: Sleeping          |     6 |     7 ||    13
  Eat: Chunk             |     2 |     8 ||    10
Armor: Skin              |     7 |     4 ||    11
Dodge: Dodged            |    51 |    57 ||   108
